 Dungeon Crawl Stone Soup version 0.29-a0-294-g83ea962da3 (console) character file.

Game seed: 6569771917665088141

363 Ignak the Magician (level 6, -4/44 HPs)
             Began as a Gnoll Hedge Wizard on Mar 18, 2022.
             Succumbed to a gnoll's poison
             ... on level 4 of the Dungeon.
             The game lasted 00:12:26 (5367 turns).

Ignak the Magician (Gnoll Hedge Wizard)             Turns: 5367, Time: 00:12:26

Health: -4/44      AC:  7    Str:  9    XL:     6   Next: 67%
Magic:  7/16       EV: 12    Int: 22    God:
Gold:   261        SH:  0    Dex: 11    Spells: 11/19 levels left

rFire   . . .      SeeInvis .   n - +1 long sword (elec)
rCold   x . .      Faith    .   (no shield)
rNeg    . . .      Spirit   .   e - +0 leather armour
rPois   .          Reflect  .   g - +0 helmet
rElec   .          Harm     .   (no cloak)
rCorr   .          Rampage  .   (no gloves)
Will    .....      Clarity  +   k - +2 pair of boots of the Moon {Fly rC- Slay+6 Stlth-}
Stlth   +.........              (no amulet)
HPRegen 0.14/turn               m - +6 ring of intelligence
MPRegen 0.15/turn               (no ring)

@: lethally poisoned (-4 -> -36), flying, very slightly contaminated
A: fangs 1, strong nose, distributed training, talons 1, clarity, wild magic 1
a: no special abilities


You were on level 4 of the Dungeon.
You visited 1 branch of the dungeon, and saw 4 of its levels.

You collected 261 gold pieces.

Inventory:

Hand Weapons
 h - a +0 mace of protection
 n - a +1 long sword of electrocution (weapon)
Missiles
 b - 6 poisoned darts (quivered)
Armour
 e - a +0 leather armour (worn)
 g - a +0 helmet (worn)
 i - a +0 buckler
 k - the +2 pair of boots of the Moon (worn) {Fly rC- Slay+6 Stlth-}
   (You acquired it on level 2 of the Dungeon)

   Slay:      It affects your accuracy & damage with ranged weapons and melee
   (+6).
   rC:        It makes you vulnerable to cold.
   Fly:       It grants you flight.
   Stlth:     It makes you less stealthy.
Jewellery
 m - a +6 ring of intelligence (left hand)
Wands
 j - a wand of iceblast (4)
Scrolls
 a - 6 scrolls of identify
 c - a scroll of magic mapping
 l - a scroll of fog {unknown}
 o - a scroll of amnesia {unknown}
 p - a scroll of blinking {unknown}
Potions
 d - 2 potions of magic
 f - a potion of mutation


   Skills:
 + Level 2.0 Fighting
 + Level 2.0 Short Blades
 + Level 2.0 Long Blades
 + Level 2.0 Axes
 + Level 2.0 Maces & Flails
 + Level 2.0 Polearms
 + Level 2.0 Staves
 + Level 2.0 Slings
 + Level 2.0 Bows
 + Level 2.0 Crossbows
 + Level 2.0 Throwing
 + Level 2.0 Armour
 + Level 5.0 Dodging
 + Level 4.6 Stealth
 + Level 2.0 Shields
 + Level 2.0 Unarmed Combat
 + Level 7.4 Spellcasting
 + Level 2.7 Conjurations
 + Level 1.6 Hexes
 + Level 2.7 Summonings
 + Level 1.6 Necromancy
 + Level 2.7 Translocations
 + Level 1.6 Transmutations
 + Level 1.6 Fire Magic
 + Level 1.6 Ice Magic
 + Level 1.6 Air Magic
 + Level 1.6 Earth Magic
 + Level 1.6 Poison Magic
 + Level 2.2 Invocations
 + Level 2.0 Evocations


You had 11 spell levels left.
You knew the following spells:

 Your Spells              Type           Power      Damage    Failure   Level
a - Magic Dart            Conj           100%       1d8       6%          1
b - Blink                 Tloc           52%        N/A       9%          2
d - Mephitic Cloud        Conj/Pois/Air  22%        N/A       21%         3
e - Call Imp              Summ           26%        N/A       9%          2

Your spell library contained the following spells:

 Spells                   Type           Power      Damage    Failure   Level
 Slow                     Hex            80%        N/A       9%          1
 Gell's Gravitas          Tloc           26%        N/A       16%         3
 Teleport Other           Tloc           26%        N/A       16%         3
 Conjure Flame            Conj/Fire      23%        6-21      19%         3
 Irradiate                Conj/Tmut      11%        3d17      83%         5
 Blade Hands              Tmut           10%        N/A       88%         5
 Dispersal                Tloc           13%        N/A       100%        6
 Dragon Form              Tmut           10%        N/A       100%        7


Dungeon Overview and Level Annotations

Branches:
Dungeon (4/15)
 Temple: D:4-7

Altars:
Cheibriados

Annotations:
D:4 1 transporter, abdbla's ghost, amateur MiFi


Innate Abilities, Weirdness & Mutations

You have very sharp teeth.
Your uncanny sense of smell can sniff out nearby items.
Your experience applies equally to all skills.
You have sharp toenails.
You possess an exceptional clarity of mind.
Your spells are a little harder to cast, but a little more powerful.


Message History

The floor.
The gnoll hits you from afar with a +2 halberd of venom!
You are poisoned.
Casting: Mephitic Cloud (dangerous; 21% risk of failure)
Confirm with . or Enter, or press ? or * to list all spells.
Aiming: Mephitic Cloud (dangerous; 21% risk of failure)
Press: ? - help, Shift-Dir - straight line, f - gnoll
Aim: a gnoll, wielding a +2 halberd of venom (severely wounded, chance to affect: 91%)
You miscast Mephitic Cloud.
You are very lightly contaminated with residual magic.
Nothing appears to happen.
You feel very sick. The gnoll barely misses you.
Unknown command.
Casting: Mephitic Cloud (dangerous; 21% risk of failure)
Confirm with . or Enter, or press ? or * to list all spells.
Aiming: Mephitic Cloud (dangerous; 21% risk of failure)
Press: ? - help, Shift-Dir - straight line, f/p - gnoll
Aim: a gnoll, wielding a +2 halberd of venom (severely wounded, chance to affect: 91%)
The ball explodes into a vile cloud!
The stinking cloud engulfs the gnoll but does no damage.
The gnoll is severely wounded.
* * * LOW HITPOINT WARNING * * *
You feel very sick.
You hear a shout!
The gnoll is engulfed in noxious fumes.
The gnoll appears confused.
The gnoll closely misses something.
The gnoll completely misses itself.
The gnoll hits you from afar with a +1 halberd of venom!
* * * LOW HITPOINT WARNING * * *
You are more poisoned.
Press: ? - help, v - describe, . - travel
Here: a gnoll, wielding a +1 halberd of venom and quivering a throwing net The floor.
Casting: Mephitic Cloud (dangerous; 21% risk of failure)
Confirm with . or Enter, or press ? or * to list all spells.
Aiming: Mephitic Cloud (dangerous; 21% risk of failure)
Press: ? - help, Shift-Dir - straight line, f - gnoll, p - gnoll
Aim: a gnoll, wielding a +1 halberd of venom and quivering a throwing net (chance to affect: 91%)
You miscast Mephitic Cloud.
Nothing appears to happen.
You die...

....≈≈≈≈≈≈≈≈≈≈≈≈)≈≈≈≈≈≈≈≈≈≈≈≈....
....≈≈#####......)....#####≈≈.###
....≈≈#.#.#.###.©.###.#.#.#≈≈.#
....≈≈#g..###©#####.###...#≈≈.###
....≈≈###...............###≈≈....
....≈≈.8#.######'######.#8.≈≈....
....≈≈.##.#.⌠.#..8#=.$#.##.≈≈....
....≈≈.#..'.:.g.©⌠#:.$'..#.≈≈....
....≈≈.##.#.⌠.#.@8#...#g##.≈≈....
....≈≈.8#.######☼######.#8.≈≈..##
....≈≈###........gW.....###≈≈..##
....≈≈#...###.#####.###...#≈≈..##
....≈≈#.#.#.###.©.###.#g#g#≈≈....
###.≈≈#####...........#####≈≈....
# #.≈≈≈≈≈≈≈≈≈≈≈...≈≈≈≈≈≈≈≈≈≈≈..##
# #.≈≈≈≈≈≈≈≈≈≈≈...≈≈≈≈≈≈≈≈≈≈≈....
#..............................


You could see 2 gnolls.

Vanquished Creatures
  A necrophage (D:4)
  A scorpion (D:4)
  An orc priest (D:4)
  2 hounds (D:4)
  An orc wizard (D:4)
  4 adders
  A gnoll (D:4)
  A dart slug (D:3)
  7 orcs (D:4)
  6 bats
  2 endoplasms
  4 giant cockroaches
  7 hobgoblins
  2 jackals (D:4)
  7 kobolds
  3 quokkas
  4 ball pythons
  4 frilled lizards
  2 goblins
  3 rats
63 creatures vanquished.

Vanquished Creatures (collateral kills)
  2 worms (D:2)
  A dart slug (D:1)
  An orc (D:4)
  An endoplasm (D:2)
  A jackal (D:4)
  3 kobolds
9 creatures vanquished.

Vanquished Creatures (others)
  7 plants (D:4)
7 creatures vanquished.

Grand Total: 79 creatures vanquished

Notes
Turn   | Place    | Note
-------+----------+-------------------------------------------
     0 | D:1      | Ignak the Gnoll Hedge Wizard began the quest for the Orb.
     0 | D:1      | Reached XP level 1. HP: 13/13 MP: 8/8
   216 | D:1      | Found a faded altar of an unknown god.
   295 | D:1      | Reached XP level 2. HP: 5/19 MP: 3/10
   631 | D:1      | Learned a level 2 spell: Call Imp
  1777 | D:2      | Reached XP level 3. HP: 22/25 MP: 9/11
  2015 | D:2      | Reached skill level 1 in Invocations
  2494 | D:2      | Reached skill level 1 in Fighting
  2494 | D:2      | Reached skill level 1 in Short Blades
  2494 | D:2      | Reached skill level 1 in Long Blades
  2494 | D:2      | Reached skill level 1 in Axes
  2494 | D:2      | Reached skill level 1 in Maces & Flails
  2494 | D:2      | Reached skill level 1 in Polearms
  2494 | D:2      | Reached skill level 1 in Staves
  2494 | D:2      | Reached skill level 1 in Slings
  2494 | D:2      | Reached skill level 1 in Bows
  2494 | D:2      | Reached skill level 1 in Crossbows
  2494 | D:2      | Reached skill level 1 in Throwing
  2494 | D:2      | Reached skill level 1 in Armour
  2494 | D:2      | Reached skill level 1 in Shields
  2494 | D:2      | Reached skill level 1 in Unarmed Combat
  2494 | D:2      | Reached skill level 1 in Evocations
  2542 | D:2      | Reached XP level 4. HP: 23/32 MP: 9/13
  2710 | D:2      | Identified a scroll of acquirement
  2710 | D:2      | Acquired the +2 pair of boots of the Moon {Fly rC- Slay+6
                  | Stlth-}
  3108 | D:3      | Found a snail-covered altar of Cheibriados.
  3724 | D:3      | Reached skill level 1 in Hexes
  3724 | D:3      | Reached skill level 1 in Necromancy
  3724 | D:3      | Reached skill level 1 in Transmutations
  3724 | D:3      | Reached skill level 1 in Fire Magic
  3724 | D:3      | Reached skill level 1 in Ice Magic
  3724 | D:3      | Reached skill level 1 in Air Magic
  3724 | D:3      | Reached skill level 1 in Earth Magic
  3724 | D:3      | Reached skill level 1 in Poison Magic
  3825 | D:3      | Gained mutation: You possess an exceptional clarity of
                  | mind. [potion of mutation]
  3825 | D:3      | Gained mutation: Your spells are a little harder to cast,
                  | but a little more powerful. [potion of mutation]
  3825 | D:3      | Gained mutation: You have sharp toenails. [potion of
                  | mutation]
  4278 | D:4      | Reached XP level 5. HP: 37/37 MP: 12/14
  4319 | D:4      | Learned a level 2 spell: Blink
  4323 | D:4      | Learned a level 3 spell: Mephitic Cloud
  4530 | D:4      | Reached XP level 6. HP: 36/44 MP: 10/16
  4679 | D:4      | Found a transporter.
  4821 | D:4      | Noticed abdbla's ghost (amateur MiFi)
  4834 | D:4      | Reached skill level 5 in Dodging
  5020 | D:4      | Found a transporter.
  5367 | D:4      | Succumbed to a gnoll's poison

Illustrated notes

Levels and vault maps discovered:
D:1:      minmay_arrival_open_corners, layout_basic,
          ebering_ecumenical_altar_box, minmay_crystal_water
D:2:      layout_loops_ring, corexii_hall_statues_t
D:3:      layout_loops_corners, mainiacjoe_overflow_brackets
D:4:      layout_basic, serial_forest, infiniplex_forest_clump_small,
          infiniplex_forest_clump_small, infiniplex_forest_lined_3,
          infiniplex_forest_lined_4_way, gammafunk_ghost_gnarly_gnolls

Skill      XL: |  1  2  3  4  5  6 |
---------------+-------------------+-----
Conjurations   | 2 |  2.7
Summonings     | 2 |  2.7
Translocations | 2 |  2.7
Invocations    | 1 2 |  2.2
Fighting       | 1 2 |  2.0
Short Blades   | 1 2 |  2.0
Long Blades    | 1 2 |  2.0
Axes           | 1 2 |  2.0
Maces & Flails | 1 2 |  2.0
Polearms       | 1 2 |  2.0
Staves         | 1 2 |  2.0
Slings         | 1 2 |  2.0
Bows           | 1 2 |  2.0
Crossbows      | 1 2 |  2.0
Throwing       | 1 2 |  2.0
Armour         | 1 2 |  2.0
Shields        | 1 2 |  2.0
Unarmed Combat | 1 2 |  2.0
Evocations     | 1 2 |  2.0
Hexes          | 1 |  1.6
Necromancy     | 1 |  1.6
Transmutations | 1 |  1.6
Fire Magic     | 1 |  1.6
Ice Magic      | 1 |  1.6
Air Magic      | 1 |  1.6
Earth Magic    | 1 |  1.6
Poison Magic   | 1 |  1.6
Dodging        | 5 |  5.0
Stealth        | |  4.6
Spellcasting   | |  7.4

Action                   |  1- 3 |  4- 6 || total
-------------------------+-------+-------++-------
Melee: Dagger            |     3 |       ||     3
       Mace              |    41 |    73 ||   114
       Punch             |     1 |     2 ||     3
       Bite              |     2 |     7 ||     9
       Long sword        |       |     3 ||     3
Throw: Throwing net      |       |     1 ||     1
 Cast: Magic Dart        |    33 |    23 ||    56
       Call Imp          |    19 |     5 ||    24
       Mephitic Cloud    |       |     5 ||     5
  Use: Potion            |     2 |     5 ||     7
       Scroll            |     2 |     3 ||     5
 Stab: Sleeping          |     3 |     2 ||     5
Armor: Robe              |    16 |    19 ||    35
       Leather armour    |       |    16 ||    16
Dodge: Dodged            |    44 |    77 ||   121

Table legend: (Time is in decaauts)
 A = Elapsed time spent in this place.
 B = Non-inter-level travel time spent in this place.
 C = Inter-level travel time spent in this place.
 D = Time resting spent in this place.
 E = Time spent auto-exploring this place.
 F = Levels seen in this place.
 G = Mean time per level.
                   A        B        C        D        E       F      G
               +--------+--------+--------+--------+--------+-----+--------+
         Total |   5406 |   5361 |     45 |   1617 |   2530 |   4 | 1351.5 |
       Dungeon |   5406 |   5361 |     45 |   1617 |   2530 |   4 | 1351.5 |
               +--------+--------+--------+--------+--------+-----+--------+

Top non-repeatable levels by time:
     D:2: 1524 daAuts
     D:1: 1520 daAuts
     D:3: 1202 daAuts
     D:4: 1159 daAuts
